AoeStats
← Kaiser Ze

Lombardia

510077441Analyzed
3v3 RM · 4d ago on Sep 29, 2026· 52m 7s· 6 players
Game mode
Random Map
Map size
Normal (6 player)
Population
200
Speed
Normal
Resources
Standard
Victory
Conquest
Starting age
Dark Age
Ending age
Imperial Age
RankedLock teamsTeams togetherTeam positionsShared explorationLock speedFull tech treeHidden civsTurbo modeCheats
Victory
Defeat
🇨🇳 Mongols · China
1413
+12
🇨🇳 Magyars · China
1355
+14
🇨🇳 Jurchens · China
1322
+15
🇦🇺 Mongols · Australia
1330
-14
🇦🇺 Franks · Australia
1311
-14
🇦🇺 Franks · Australia
1305
-13
老菜套
7:50 Loom
11:41 Feudal Age
12:36 Double-Bit Axe
15:16 Castle Age
13:22 Horse Collar
14:18 Gold Mining
24:46 Wheelbarrow
26:55 Town Watch
27:22 Bow Saw
27:57 Heavy Plow
28:36 Stone Mining
30:39 Gold Shaft Mining
33:58 Imperial Age
32:35 Stone Shaft Mining
32:49 Fletching
33:30 Scale Barding Armor
33:57 Forging
33:43 Bodkin Arrow
34:10 Elite Iron Pagoda
35:11 Conscription
35:28 Chain Barding Armor
34:43 Capped Ram
37:21 Siege Ram
39:56 Bloodlines
42:53 Two-Man Saw
43:32 Plate Barding Armor
43:33 Iron Casting
43:37 Fortified Bastions
43:48 Thunderclap Bombs
44:57 Hand Cart
45:32 Town Patrol
47:24 Padded Archer Armor
48:25 Blast Furnace
48:28 Hoardings
49:16 Crop Rotation
48:43 Bodkin Arrow
49:04 Leather Archer Armor
49:30 Caravan
50:48 Squires
51:04 Light Cavalry
51:44 Husbandry
st9901544
8:02 Loom
10:38 Feudal Age
18:24 Castle Age
16:59 Double-Bit Axe
26:12 Gold Mining
28:22 Horse Collar
33:28 Imperial Age
32:06 Bloodlines
31:59 Husbandry
32:08 Scale Barding Armor
33:00 Bow Saw
32:56 Heavy Plow
33:21 Chain Barding Armor
34:02 Corvinian Army
34:35 Elite Magyar Huszar
36:31 Plate Barding Armor
36:50 Conscription
37:08 Stone Mining
41:05 Fletching
42:52 Coinage
48:17 Crop Rotation
Kaiser Ze
9:45 Feudal Age
8:01 Loom
15:16 Castle Age
14:16 Double-Bit Axe
17:10 Horse Collar
24:00 Fletching
25:47 Bodkin Arrow
26:43 Bloodlines
26:34 Husbandry
29:03 Bow Saw
29:29 Ballistics
29:55 Wheelbarrow
29:06 Town Watch
29:33 Padded Archer Armor
32:27 Hand Cart
34:55 Imperial Age
32:38 Stone Mining
32:38 Gold Mining
34:43 Stone Shaft Mining
34:01 Gold Mining
34:33 Masonry
34:21 Murder Holes
35:46 Leather Archer Armor
36:10 Gold Shaft Mining
35:36 Heavy Plow
36:27 Bracer
36:35 Thumb Ring
36:56 Parthian Tactics
38:23 Elite Mangudai
39:24 Conscription
45:02 Town Patrol
50:12 Capped Ram
51:50 Coinage
51:33 Siege Ram
Coconut
0:40 Loom
12:28 Feudal Age
16:36 Castle Age
14:52 Double-Bit Axe
16:54 Scale Barding Armor
19:33 Husbandry
20:19 Forging
24:53 Chain Barding Armor
27:30 Iron Casting
28:16 Fletching
28:47 Bow Saw
32:20 Gold Mining
37:18 Imperial Age
38:03 Cavalier
43:52 Plate Barding Armor
48:50 Blast Furnace
47:38 Pikeman
48:18 Squires
48:04 Gambesons
48:46 Bodkin Arrow
48:53 Scale Mail Armor
49:52 Wheelbarrow
49:57 Halberdier
Banana
11:52 Feudal Age
15:27 Castle Age
14:04 Double-Bit Axe
14:01 Horse Collar
22:00 Bow Saw
23:43 Fletching
24:38 Bodkin Arrow
25:26 Wheelbarrow
27:29 Hand Cart
27:44 Padded Archer Armor
28:17 Ballistics
28:43 Leather Archer Armor
33:07 Imperial Age
30:22 Loom
31:17 Town Watch
31:52 Masonry
34:55 Conscription
34:41 Bracer
36:02 Chemistry
35:57 Elite Mangudai
39:29 Caravan
42:29 Hoardings
42:32 Thumb Ring
43:14 Parthian Tactics
Apple
10:37 Feudal Age
15:42 Castle Age
13:29 Double-Bit Axe
14:54 Loom
18:00 Bow Saw
22:20 Wheelbarrow
23:10 Stone Mining
23:11 Gold Mining
23:44 Hand Cart
27:24 Fletching
30:08 Imperial Age
27:50 Town Watch
30:04 Forging
29:54 Scale Mail Armor
33:35 Gold Shaft Mining
36:02 Bodkin Arrow
36:29 Pikeman
38:13 Iron Casting
37:53 Chain Mail Armor
37:43 Scale Barding Armor
37:47 Halberdier
39:55 Blast Furnace
38:27 Cavalier
40:00 Squires
39:20 Man-at-Arms
43:00 Plate Mail Armor
42:50 Chain Barding Armor
42:52 Paladin
45:32 Plate Barding Armor
45:21 Ballistics
46:02 Chemistry
44:59 Murder Holes
46:55 Padded Archer Armor
47:19 Chivalry
46:40 Ordonnance Companies
48:22 Conscription
48:58 Arson
50:00 Leather Archer Armor
50:21 Husbandry
50:09 Gambesons
Connection lost

Rejoining the realm…

Still unreachable

The connection could not be restored.

Session expired

The server has moved on; the page needs a fresh start.